Map: Dusk Towers

Players

FigHteR - Winner!

  • Race: Terran Terran
  • League: Platinum

Rainspider

  • Race: Terran Terran
  • League: Platinum

VOD

Have the link to the VOD?

Description

Time

  • Played on: Nov. 15, 2015, 12:11 p.m.
  • Length: 14:49
Show
View Real Time Build Order
Export as new Build Order

FigHteR Terran - Winner!

Build Orders: MMM Bio 

Get SALT Encoding   

  12  0:00  SCV  
  13  0:12  Supply Depot  
  13  0:20  Refinery  
  13  0:46  Barracks  
  13  0:50  Barracks  
  13  0:55  SCV  
  14  1:07  SCV  
  15  1:19  SCV  
  16  1:33  Orbital Command  
  16  1:34  Reaper  
  16  1:37  Reaper  
  18  1:45  Supply Depot  
  18  1:58  SCV  
  19  2:06  Reaper  
  20  2:09  Reaper  
  20  2:10  SCV  
  22  2:16  Supply Depot  
  22  2:23  SCV  
  23  2:35  SCV  
  24  2:38  Reaper  
  24  2:41  Reaper  
  26  2:53  Command Center  
  26  3:06  SCV  
  26  3:10  Reaper  
  28  3:13  Reaper  
  28  3:18  SCV  
  30  3:29  Supply Depot  
  30  3:30  SCV  
  29  3:37  Command Center  
  28  3:43  SCV  
  28  3:45  Reaper  
  28  3:49  Reaper  
  28  3:55  SCV  
  29  4:06  Orbital Command  
  29  4:07  SCV  
  30  4:14  Barracks  
  30  4:16  Barracks  
  30  4:19  SCV  
  30  4:21  Reaper  
  32  4:30  Barracks Tech Lab  
  33  4:31  SCV  
  33  4:32  SCV, Refinery  
  34  4:43  SCV  
  34  4:46  SCV  
  35  4:53  Reaper  
  35  4:55  SCV  
  35  4:59  SCV, Orbital Command  
  37  5:01  Marine x2  
  39  5:07  Marine  
  39  5:09  SCV  
  39  5:11  SCV, Factory  
  42  5:19  Marine x2  
  44  5:24  Marine  
  44  5:25  Marine  
  39  5:34  SCV  
  39  5:35  SCV x2  
  38  5:37  Marine x2  
  38  5:44  Marine x2  
  38  5:47  SCV x3  
  43  5:55  Factory Reactor  
  43  5:57  Starport  
  43  5:59  SCV x3  
  46  6:11  SCV x3  
  48  6:15  Stimpack  
  48  6:17  Refinery, Marine x4  
  53  6:18  Refinery  
  53  6:23  SCV x2  
  55  6:26  SCV  
  55  6:27  Engineering Bay  
  53  6:35  SCV  
  52  6:42  SCV, Marine  
  52  6:46  Factory Tech Lab  
  56  6:47  SCV  
  56  6:48  Medivac  
  56  6:51  Medivac  
  60  6:54  Marine, Orbital Command  
  60  6:55  Marine  
  60  6:56  Barracks Tech Lab  
  60  6:58  SCV  
  60  7:00  Missile Turret  
  62  7:02  Missile Turret, Marine  
  62  7:06  SCV  
  64  7:10  SCV  
  64  7:12  Marine  
  65  7:18  SCV  
  62  7:35  Marine x2  
  64  7:38  Marine x2  
  64  7:39  SCV  
  64  7:40  SCV x2  
  64  7:41  Siege Tank  
  64  7:42  Medivac x2  
  64  7:43  Terran Infantry Weapons Level 1  
  76  7:44  Armory  
  76  7:50  Supply Depot  
  76  7:52  SCV  
  77  7:58  Missile Turret  
  77  8:03  Barracks Tech Lab  
  77  8:08  Supply Depot  
  77  8:12  SCV x3, Marauder  
  82  8:15  Supply Depot  
  82  8:23  Siege Tank  
  82  8:26  Refinery  
  85  8:27  Refinery  
  85  8:29  SCV x3  
  85  8:30  Combat Shields  
  85  8:31  Concussive Shells  
  89  8:35  Barracks Reactor  
  88  8:41  SCV  
  88  8:42  SCV x2  
  88  8:43  Sensor Tower  
  88  8:44  Viking  
  93  8:54  SCV x3  
  78  9:15  Marine x3  
  78  9:16  Marauder x2  
  85  9:22  SCV x2  
  86  9:27  Siege Tank, Medivac  
  86  9:28  Medivac  
  93  9:32  SCV  
  93  9:33  Marine x3  
  93  9:37  Terran Vehicle Weapons Level 1  
  97  9:41  Marauder x2  
  97  9:42  SCV  
  97  9:43  SCV  
  97  9:44  SCV  
  104  9:50  Supply Depot  
  104  9:51  Marine x2  
  106  9:53  Supply Depot  
  106  9:55  SCV x2  
  106  9:59  Sensor Tower  
  108  10:02  Marine  
  109  10:10  Terran Infantry Weapons Level 2  
  109  10:12  SCV x2, Marauder x2, Marine x2  
  117  10:14  Viking x2  
  117  10:17  Supply Depot  
  120  10:25  Marauder  
  122  10:29  Marine  
  122  10:34  Marauder  
  125  10:38  Siege Tank  
  125  10:40  Supply Depot  
  128  10:43  Command Center  
  128  10:44  Medivac  
  128  10:47  Marine  
  128  10:48  Marauder x2  
  135  11:07  Marine x2  
  135  11:08  Marauder  
  137  11:18  SCV x2  
  139  11:19  Marauder x2  
  132  11:30  Marauder, Marine x2  
  126  11:33  SCV x2  
  126  11:40  Marine  
  126  11:41  Barracks, Marauder  
  126  11:42  Barracks  
  129  11:47  Marine, Medivac x2  
  129  11:48  Siege Tank, Marine  
  129  11:51  Marine  
  129  11:52  SCV  
  140  11:56  Orbital Command  
  140  11:57  Command Center  
  140  11:58  Marine  
  141  12:07  Starport  
  141  12:11  Marauder x2, Marine x2  
  147  12:16  Marine  
  139  12:25  Sensor Tower  
  139  12:29  Marine x2  
  119  12:32  Marine x2  
  119  12:33  Siege Tank, Medivac x2  
  119  12:34  Marine  
  127  12:42  Factory  
  127  12:46  Marine x2  
  127  12:48  Orbital Command  
  127  12:50  Marine  
  130  12:54  Marine x2  
  132  13:00  Engineering Bay  
  132  13:04  Marine x2  
  132  13:05  Siege Tank  
  137  13:14  Marine  
  137  13:15  Marine x2  
  140  13:22  Marine x2  
  140  13:26  Barracks Reactor  
  140  13:27  Barracks Reactor, Liberator  
  142  13:28  Liberator  
  142  13:32  Factory Tech Lab, Marine x2  
  142  13:33  Marine  
  145  13:39  Refinery  
  145  13:40  Marine x2  
  147  13:41  Supply Depot, Refinery  
  147  13:48  Siege Tank  
  156  13:49  SCV  
  156  13:50  SCV x2, Marine x2  
  161  13:55  Planetary Fortress  
  146  14:12  Marine x3  
  144  14:20  Marine x2  
  144  14:23  Marine x2  
  144  14:24  Marine x2  
  165  14:41  Refinery  
Show
View Real Time Build Order
Export as new Build Order

Rainspider Terran 

Build Orders: MMM Bio 

Get SALT Encoding   

  12  0:01  SCV  
  13  0:13  SCV  
  14  0:17  Supply Depot  
  14  0:25  SCV  
  15  0:29  Refinery  
  15  0:39  SCV  
  16  0:45  Barracks  
  16  0:51  SCV  
  17  1:03  SCV  
  18  1:15  SCV  
  19  1:27  SCV  
  20  1:34  Command Center  
  20  1:37  Reaper  
  21  1:40  SCV  
  22  1:54  Orbital Command  
  22  2:01  Factory  
  22  2:09  Barracks Reactor  
  22  2:20  SCV  
  23  2:26  Refinery  
  23  2:39  SCV  
  23  2:47  Marine x2  
  24  2:53  Hellion  
  25  2:58  Orbital Command  
  25  3:00  SCV  
  25  3:05  Marine x2  
  23  3:15  Hellion  
  25  3:23  SCV, Marine x2  
  28  3:31  SCV  
  29  3:35  SCV  
  29  3:36  Hellion  
  29  3:41  Marine x2  
  33  3:43  SCV  
  33  3:47  SCV  
  32  3:55  SCV  
  32  3:56  Starport  
  33  4:06  SCV  
  33  4:08  Barracks Tech Lab  
  33  4:09  Hellion  
  38  4:10  Hellion  
  38  4:12  Supply Depot  
  38  4:18  Supply Depot  
  38  4:30  Supply Depot, SCV x2  
  40  4:34  Hellion  
  40  4:58  SCV  
  41  5:02  Cloaking Field  
  41  5:03  Banshee, Barracks Tech Lab  
  41  5:04  SCV  
  45  5:14  SCV  
  45  5:18  SCV  
  47  5:26  Marine  
  45  5:33  SCV  
  40  5:39  SCV  
  40  5:41  Hellion x2  
  39  5:44  Marine  
  39  5:45  SCV  
  39  5:46  Barracks  
  39  5:47  Barracks  
  41  5:51  Stimpack  
  41  5:56  SCV  
  42  5:58  Banshee  
  42  5:59  SCV  
  42  6:01  Marine  
  47  6:05  Hellion  
  47  6:08  SCV  
  50  6:12  SCV  
  51  6:19  Marine  
  51  6:20  SCV  
  51  6:23  Command Center  
  51  6:24  SCV  
  58  6:32  Hellion  
  58  6:33  Hellion  
  58  6:37  Marine  
  58  6:38  SCV  
  57  6:41  Barracks Reactor x2  
  57  6:43  SCV  
  58  6:48  Engineering Bay  
  58  6:50  SCV, Refinery, Engineering Bay  
  58  6:51  Refinery  
  59  6:55  SCV, Marine  
  61  7:02  Medivac  
  61  7:03  Medivac  
  61  7:04  Siege Tank  
  68  7:09  SCV  
  68  7:12  Supply Depot  
  69  7:21  Marine  
  70  7:33  Medivac, Marine x4  
  70  7:34  Supply Depot  
  76  7:39  Terran Infantry Weapons Level 1, SCV, Marine  
  76  7:42  Terran Infantry Armor Level 1  
  76  7:44  Orbital Command  
  75  7:51  Combat Shields, Marine x4  
  75  7:55  Siege Tank  
  75  7:57  Marine  
  83  8:05  Armory  
  83  8:09  Marine x4  
  83  8:11  Orbital Command  
  87  8:14  Marine  
  88  8:22  SCV  
  88  8:25  Barracks  
  88  8:26  Barracks  
  89  8:27  Marine x3  
  89  8:28  Factory, Barracks  
  89  8:31  SCV  
  93  8:36  SCV  
  93  8:39  Marine x2  
  93  8:41  Siege Tank  
  99  8:43  SCV  
  99  8:45  Marine  
  101  8:51  Supply Depot  
  101  8:52  Supply Depot  
  101  8:57  Marine x3  
  104  9:04  Marine x2  
  104  9:05  SCV  
  89  9:12  SCV  
  89  9:14  Barracks Reactor  
  89  9:15  Marine x3  
  89  9:16  Barracks Reactor x2  
  92  9:17  Factory Tech Lab  
  92  9:22  Sensor Tower, Marine x2  
  94  9:35  Marine x4  
  94  9:36  Refinery x2  
  98  9:40  Marine x2  
  98  9:44  Terran Infantry Weapons Level 2  
  100  9:53  Marine x4  
  100  9:57  Terran Infantry Armor Level 2  
  100  9:58  Marine x3  
  100  9:59  Marine x3  
  108  10:08  Sensor Tower  
  108  10:10  Marine  
  108  10:11  Marine x3  
  108  10:13  Siege Tank  
  115  10:16  Marine x5  
  120  10:23  Supply Depot  
  120  10:24  Supply Depot x2  
  120  10:26  Marine  
  121  10:28  Marine x2  
  121  10:34  Marine x4  
  127  10:36  Barracks Reactor  
  127  10:37  Marine  
  127  10:41  Marine  
  129  10:44  Marine  
  130  10:52  Siege Tank  
  130  10:54  Medivac  
  128  11:24  SCV  
  109  11:29  Marine x2  
  109  11:32  Marine x6  
  108  11:33  Marine x2  
  112  11:42  Marine  
  113  11:47  Command Center, Marine x2  
  113  11:50  Marine x3  
  118  12:03  Marine x2  
  118  12:07  Marine x3  
  118  12:08  Siege Tank, Marine x2  
  125  12:09  Siege Tank  
  107  12:24  Marine x3  
  107  12:25  Marine x5  
  107  12:28  Marine x2  
  93  12:39  Medivac x2  
  93  12:42  Marine x3  
  93  12:44  Siege Tank  
  105  12:51  Armory  
  102  12:53  Marine x3  
  105  13:03  Orbital Command  
  105  13:06  Marine x4  
  105  13:07  Marine  
  105  13:08  SCV  
  111  13:15  Marine x3  
  111  13:17  Marine  
  111  13:18  Marine x2  
  117  13:24  Marine  
  118  13:38  Marine x6  
  118  13:40  Marine x2  
  126  13:41  Medivac x2  
  128  14:09  Marine x2  
  99  14:10  Marine x4  
  99  14:12  Marine x5  
  99  14:15  Siege Tank  
  79  14:21  SCV  
  83  14:27  Marine x3  
  83  14:28  Marine x3  
  83  14:29  Marine x2  
  83  14:31  Marine x2  
Tags
 
Add a new tag
Caveats
  • Supply blocks, unpowered buildings, or Contaminate may cause inaccurate times.
  • Supply counts are checked every 10 seconds.